 Dungeon Crawl Stone Soup version 0.22-a0-322-g60b3cfd (webtiles) character file.

60 Kairos the Covered (level 4, 24/37 HPs)
             Began as a Barachi Fighter on Apr 4, 2018.
             Got out of the dungeon alive.
             The game lasted 00:01:33 (940 turns).

Kairos the Covered (Barachi Fighter)                 Turns: 940, Time: 00:01:34

Health: 24/37      AC:  8    Str: 18    XL:     4   Next: 6%
Magic:  4/4        EV:  7    Int:  8    God:
Gold:   78         SH:  9    Dex: 12    Spells: 3/3 levels left

rFire    . . .     SeeInvis .   a - +0 flail
rCold    . . .     Gourm    .   c - +0 shield
rNeg     . . .     Faith    .   b - +0 scale mail
rPois    .         Spirit   .   (no helmet)
rElec    .         Reflect  .   i - +0 cloak
rCorr    .         Harm     .   (no gloves)
MR       .....                  (no boots)
Stlth    ..........             (no amulet)
HPRegen  0.12/turn              (no ring)
MPRegen  0.09/turn              (no ring)

@: slow
A: +LOS, swims, slowness 1, strong legs 1
a: Hop


You escaped.
You were hungry.

You visited 1 branch of the dungeon, and saw 2 of its levels.

You collected 78 gold pieces.

Inventory:

Hand Weapons
 a - a +0 flail (weapon)
Armour
 b - a +0 scale mail (worn)
 c - a +0 shield (worn)
 i - a +0 cloak (worn)
Scrolls
 e - 2 scrolls of identify {unknown}
 g - a scroll of noise {unknown}
 h - a scroll of amnesia {unknown}
Potions
 d - a potion of might
 j - a potion of flight {unknown}
Comestibles
 f - 5 rations


   Skills:
 + Level 4.2 Fighting
 + Level 2.8 Maces & Flails
 + Level 4.3 Armour
 + Level 0.7 Dodging
 + Level 3.8 Shields


You had 3 spell levels left.
You didn't know any spells.

Dungeon Overview and Level Annotations

Branches:
Dungeon (2/15)

Altars:


Innate Abilities, Weirdness & Mutations

Shadows flee at your approach. (+LOS)
You can swim through water.
You cover ground slowly.
You can hop short distances.


Message History

You are feeling hungry.
A bat comes into view.
You can't go up here!
You block the bat's attack. The bat hits you. You block the bat's attack.
You block the bat's attack. The bat hits you but does no damage.
You block the bat's attack. The bat hits you but does no damage.
You block the bat's attack. The bat barely misses you.
There is a stone staircase leading up here.
The bat hits you but does no damage.
You climb upwards.
There is a stone staircase leading down here.
You see here a hat.
There is a fountain of clear blue water here.
There is a staircase leading out of the dungeon here.
Are you sure you want to leave the Dungeon?
This will make you lose the game!
You have escaped!

..###..## #.######.###)......#
..####..######.##...............#
..............[...###...#.......#
#######################.#....###.
#..(..................#......# #.
#.............8...8...###...####>
#..#########..........###..####..
...#≈≈≈≈≈≈≈#.⌠......⌠.#....###..#
...#≈≈≈≈≈≈;#....@.....#..#..#..##
...#≈≈≈≈≈≈≈#.⌠......⌠.#.......###
#..#########..........#...##.....
#.............8...8...#.)........
#.....................#....#.....
#######################..........
.....># #................###....
......#######.###.#.......# ##...
..............###.#.#####.# ####


You could see an electric eel.

Vanquished Creatures
  3 adders (D:2)
  A worm (D:2)
  A dart slug (D:1)
  5 bats
  2 giant cockroaches
  4 goblins (D:1)
  A hobgoblin (D:1)
  3 jackals (D:2)
  3 kobolds
  A quokka (D:2)
  2 frilled lizards (D:1)
  2 rats
28 creatures vanquished.

Notes
Turn   | Place    | Note
-------+----------+-------------------------------------------
     0 | D:1      | Kairos the Barachi Fighter began the quest for the Orb.
     0 | D:1      | Reached XP level 1. HP: 18/18 MP: 1/1
     0 | D:1      | Noticed an electric eel
    54 | D:1      | Reached XP level 2. HP: 23/25 MP: 2/2
   479 | D:2      | Reached XP level 3. HP: 30/30 MP: 3/3
   759 | D:2      | Reached XP level 4. HP: 22/37 MP: 4/4
   940 | D:$      | Got out of the dungeon alive.

Vault maps used:
D:1:      arrival_aquarium_a
D:2:      first_ration, serial_bayou_lagoon_a

Skill      XL: |  1  2 |
---------------+-------+-----
Armour         | 4 |  4.3
Fighting       | 4 |  4.2
Maces & Flails | |  2.8
Dodging        | |  0.7
Shields        | |  3.8

Action                   |  1- 3 |  4- 6 || total
-------------------------+-------+-------++-------
Melee: Flail             |    86 |     6 ||    92
Armor: Scale mail        |    59 |     4 ||    63
Dodge: Dodged            |    51 |     2 ||    53
Block: Shield            |    46 |     7 ||    53

Table legend:
 A = Spawn XP
 B = Non-spawn XP
 C = Spawn XP percentage of total XP
 D = Spawn monster count
 E = Non-spawn monster count
 F = Spawn count percentage of total count
 G = Total turns spent on level
                    A         B        C        D         E        F      G
               +---------+---------+-------+---------+---------+-------+---------
         Total |       0 |      87 |   0.0 |       0 |      28 |   0.0 |   940
               +---------+---------+-------+---------+---------+-------+---------
           D:1 |       0 |      27 |   0.0 |       0 |      15 |   0.0 |   502
           D:2 |       0 |      60 |   0.0 |       0 |      13 |   0.0 |   438
               +---------+---------+-------+---------+---------+-------+---------
